[Event "Frauenbundesliga 2021-22"]
[Site "Germany"]
[Date "2022.05.28"]
[Round "10.13"]
[White "Unuk, Laura"]
[Black "Rogule, Laura"]
[Result "0-1"]
[ECO "E41"]
[WhiteElo "2338"]
[BlackElo "2297"]
[Annotator "TA"]
[PlyCount "106"]
[EventDate "2021.11.26"]
[EventType "team-tourn"]
[EventCountry "GER"]
[SourceTitle "playchess.com"]
[Source "ChessBase"]
[SourceQuality "1"]
[WhiteTeam "Harksheide"]
[BlackTeam "Loeberitz"]
[TimeControl "40/5400+30:1800+30"]

1. d4 Nf6 2. c4 e6 3. Nc3 Bb4 4. e3 c5 5. Bd3 Nc6 6. Nge2 b6 7. Bd2 {[%emt 0:08:11] E41: Nimzo-Indian: Rubinstein: 4...c5 5 Bd3, including Hübner Variation.} O-O 8. O-O Bb7 9. Rc1 {[%emt 0:08:22] The position is equal.} cxd4 10. exd4 d5 {[%emt 0:01:28] [#]} 11. cxd5 $146 ({Predecessor:} 11. Bg5 dxc4 12. Bxc4 Be7 13. a3 Qd7 14. Qd3 Rfd8 15. Rfd1 Ne8 16. Qg3 Bxg5 17. Qxg5 {½-½ (34) Rantanen,M-Rivera,C Amsterdam 1954}) 11... Nxd5 12. Qc2 Nf6 13. Bg5 h6 14. Bxf6 Qxf6 15. d5 exd5 16. Nxd5 Qg5 17. Be4 Rae8 18. f4 Qd8 19. Kh1 Bc5 20. Rcd1 Qb8 (20... Nb4 $15 21. Bh7+ Kh8 22. Nxb4 Qa8) 21. a3 $11 a5 {[%emt 0:00:25] Prevents b4.} 22. Ng3 Nd4 23. Qc4 Rxe4 24. Nxe4 $16 Rd8 25. Ndc3 (25. Rxd4 $2 Bxd4 26. Qxd4 Bxd5 $19) (25. Nxc5 Bxd5 26. Qxd4 Bxg2+ 27. Kxg2 Rxd4 28. Rxd4 bxc5 $17) 25... Qa8 26. Rfe1 Ba6 27. Qa2 Bb7 28. Rd2 Bf8 29. Qc4 (29. Qb1 $16) 29... b5 $1 $11 30. Qd3 (30. Nxb5 $2 Nxb5 31. Nf6+ (31. Qxb5 $2 Bxe4 32. Rxd8 Qxd8 $19) (31. Rxd8 $2 Qxd8 32. Nc5 Qh4 $19) 31... gxf6 $19) (30. Qc7 $11) 30... b4 $1 $19 31. axb4 (31. Nb1 $142 Ne6 32. Qe3) 31... axb4 32. Nb1 Ne6 $1 33. Qe3 Re8 $1 {[%emt 0:00:43] Strongly threatening ...Bxe4.} 34. Rde2 Kh8 (34... f5 $19 {has better winning chances.} 35. Nbd2 fxe4 36. Nxe4 Kh8) 35. Qf2 $17 Rd8 $1 {[%emt 0:00:32][%mdl 1024] Black has strong compensation.} 36. f5 (36. Qe3 $17 {was necessary.}) 36... Nd4 $19 37. Re3 {[%emt 0:00:03] [#]} Rc8 $1 38. f6 {[%emt 0:01:00] Hoping for fxg7+.} Nc2 39. fxg7+ (39. Nbd2 {is the only way for White.}) 39... Bxg7 40. Nd6 {[%emt 0:00:22] aiming for Re8+.} Nxe1 $2 (40... Nxe3 $19 41. Nxb7 Qxb7 42. Qxe3 Rc2) 41. Nxc8 ({White must play} 41. Rxe1 $15 Rf8 42. Rd1) 41... Bxg2+ $17 {[%emt 0:03:34] A strong pair of Bishops.} 42. Kg1 {[%emt 0:00:03] [#] White wants to mate with Re8+.} Qxc8 {[%emt 0:19:51] Black is more active.} (42... Bd4 $1 $17 {( -> ...Bh3)} 43. Qf4 (43. Re8+ $2 Kh7 $19) 43... Qe4 44. Qxh6+ Kg8 45. Qg5+ Kh7 46. Qh5+ Kg8 47. Qg5+ Kh7 48. Qh5+ Kg7 49. Qg5+ Qg6 50. Qxg6+ fxg6) 43. Rxe1 (43. Qxe1 $15 Bc6 44. Qxb4) 43... Bb7 {[%emt 0:02:39] Threatens to win with ...Qg4+.} 44. Qf4 {[%emt 0:01:40] Inhibits Qg4+.} Qc5+ (44... Bxb2 $6 45. Qxh6+ Kg8 46. Qg5+ Bg7 47. Nd2 $11) (44... Qc6 $142 45. Kf2 Bxb2) 45. Kf1 {[%emt 0:00:13] Black must now prevent Qb8+.} Qc6 $40 {[%emt 0:01:41][%csl Gb7][%cal Rc6g2][%mdl 128] Black attacks. Really sharp!} 46. Re3 $2 (46. Ke2 $15) 46... Ba6+ 47. Kf2 Qc2+ ({Inferior is} 47... Bxb2 48. Qxf7 (48. Nd2 b3 $11) 48... Bd4 49. Qf8+ Kh7 50. Qf7+ Kh8 51. Qf8+ Kh7 52. Qf7+ Kh8 $11) 48. Kg3 Qxb1 49. Qxb4 $2 (49. Re8+ Kh7 50. Qe4+ Qxe4 51. Rxe4) 49... Qg1+ $19 50. Kf3 {[%emt 0:00:32] [#]} Bb7+ $1 51. Ke2 Qxh2+ 52. Kd3 Ba6+ 53. Ke4 Qh4+ {[%emt 0:00:10] Weighted Error Value: White=0.63/Black=0.27 (precise)} 0-1

[Event "Frauenbundesliga 2021-22"]
[Site "Germany"]
[Date "2022.05.28"]
[Round "10.15"]
[White "Radikovic, Anamarija"]
[Black "Otikova, Elina"]
[Result "1-0"]
[ECO "C29"]
[WhiteElo "2133"]
[BlackElo "2090"]
[Annotator "TA"]
[PlyCount "103"]
[EventDate "2021.11.26"]
[EventType "team-tourn"]
[EventCountry "GER"]
[SourceTitle "playchess.com"]
[Source "ChessBase"]
[SourceQuality "1"]
[WhiteTeam "Harksheide"]
[BlackTeam "Loeberitz"]
[TimeControl "40/5400+30:1800+30"]

1. e4 e5 2. Nc3 Nf6 3. f4 d5 4. fxe5 Nxe4 5. Qf3 Nxc3 6. bxc3 c5 {[%emt 0:03:25] is now more promising than 6...Be7. C29: Vienna Game: 2...Nf6 3 f4.} 7. Bb5+ Bd7 8. Rb1 Bxb5 {[%emt 0:07:36] The position is equal.} 9. Rxb5 {[%emt 0:00:08] [#]} b6 $146 ({Predecessor:} 9... Qd7 10. c4 a6 11. Rb1 Nc6 12. cxd5 Nxe5 13. Qe4 Qe7 14. Nf3 Nxf3+ 15. gxf3 O-O-O 16. Qxe7 Bxe7 {1-0 (47) Seul,G (2372)-Itkis,B (2333) Chess.com INT 2021}) 10. Ne2 (10. Nh3 $5 Qh4+ 11. Nf2 $16) 10... Be7 11. O-O (11. Nf4 $14) 11... O-O $11 12. Nf4 $40 {[%emt 0:20:45][%mdl 128] White is up to no good.} Nc6 13. Re1 (13. d4 $1 $14) 13... Bg5 14. d4 Bxf4 15. Qxf4 a6 (15... Qd7 $15 16. a4 Nd8) 16. Rb1 cxd4 17. cxd4 Rc8 (17... Na5 $11 {keeps the balance.}) 18. Rf1 {[%emt 0:06:53] White is more active.} Ne7 19. Rf2 Rc6 20. Ba3 f6 21. Rbf1 Ng6 22. Qg4 Re8 {[%emt 0:01:03] [#]} (22... Qc8 $16 23. Qh5 Rd8) 23. h4 $1 $18 ({But not} 23. exf6 $6 gxf6 24. Qg3 Kh8 $16) 23... Qc8 24. Qf3 Nxh4 $2 (24... Rc3 $16 {was worth a try.} 25. Qxd5+ Qe6 26. Qxe6+ Rxe6) 25. Qxd5+ Kh8 26. exf6 (26. Qf7 $142 f5 27. Bd6) 26... Rxf6 27. Rxf6 gxf6 28. Qf7 Qe6 29. Qxf6+ Qxf6 30. Rxf6 $16 {[%emt 0:00:05][%mdl 4096] Endgame KRB-KRN} Re2 31. Rf2 Rxf2 {[%emt 0:03:24][%mdl 8192] [#]} (31... Re1+ $16 32. Kh2 Ng6) 32. Kxf2 {[%emt 0:00:05] KB-KN} Kg8 33. c4 Kf7 (33... h5 $142 34. g3 Nf5) 34. g4 $18 Ke6 35. Ke3 b5 36. cxb5 axb5 37. Ke4 Ng2 38. Bb4 Nh4 39. d5+ Kd7 40. Ke5 (40. Be1 $142 Ng6 41. Bg3) 40... Nf3+ 41. Ke4 (41. Kf4 $142 Nh4 42. Ke4) 41... Nh4 $1 42. Be1 Ng6 43. Bg3 Ne7 44. Kd4 Ng8 45. Be5 Nh6 46. g5 Nf5+ 47. Kc5 Ne7 48. Bf6 (48. Bg3 $142 Nf5 49. Bf4) 48... Ng8 49. Kxb5 {[%emt 0:04:20] White mates.} Kd6 50. a4 Kxd5 51. a5 Kd6 52. Kb6 {[%emt 0:02:31] Weighted Error Value: White=0.41/Black=0.72} 1-0

[Event "Frauenbundesliga 2021-22"]
[Site "Germany"]
[Date "2022.05.28"]
[Round "10.16"]
[White "Naumann, Nadine"]
[Black "Adamowicz, Katarzyna"]
[Result "1/2-1/2"]
[ECO "B59"]
[WhiteElo "1951"]
[BlackElo "2108"]
[Annotator "TA"]
[PlyCount "104"]
[EventDate "2021.11.26"]
[EventType "team-tourn"]
[EventCountry "GER"]
[SourceTitle "playchess.com"]
[Source "ChessBase"]
[SourceQuality "1"]
[WhiteTeam "Loeberitz"]
[BlackTeam "Harksheide"]
[TimeControl "40/5400+30:1800+30"]

1. e4 c5 2. Nf3 d6 3. d4 cxd4 4. Nxd4 Nf6 5. Nc3 Nc6 6. Be2 e5 7. Nb3 Be7 8. Be3 Be6 9. O-O O-O 10. f3 a5 {[%emt 0:06:04][%cal Ba7a5,Ba5a4][%mdl 32] B59: Classical Sicilian: 6 Be2 e5 7 Nb3.} 11. Nd5 Bxd5 (11... a4 $5 12. Nc1 (12. Bb6 Qc8 $11) 12... Bxd5 13. exd5 Nd4 $11) 12. exd5 Nb4 {[%emt 0:00:05] White has an edge.} 13. c4 Nd7 14. a3 (14. Qd2 $5 ) 14... Na6 {[%emt 0:00:40] [#]} 15. Qe1 $146 (15. Nc1 $11) ({Predecessor:} 15. Nd2 Bg5 16. Bf2 Nac5 17. Ne4 Nxe4 18. fxe4 a4 19. Bd3 Qc7 20. Qh5 Bh6 21. Rad1 {1-0 (95) Bocharov,I (2563)-Demchenko,A (2679) Sochi 2018}) 15... a4 $15 16. Nd2 Nac5 17. Ne4 Nxe4 18. fxe4 Bg5 19. Bf2 Nc5 (19... b6 $11) 20. Bxc5 $14 dxc5 21. Qg3 Bf4 22. Qd3 Ra6 23. Rf3 Rb6 24. Rb1 Rb3 25. Qc2 Be3+ 26. Kh1 Qh4 27. g3 Qg5 28. Bd1 {[%emt 0:00:00] [#] Black must now prevent Qe2.} Rb6 (28... Bd4 $1 $11) 29. Qe2 Bd4 30. Rf5 ({White should play} 30. Bxa4 $14 Qg4 31. Bb5) 30... Qh6 $11 31. Bxa4 g6 (31... Bxb2 $1 $11 32. Rff1 (32. d6 Ra8 $11) 32... Bxa3) 32. Rff1 f5 33. b3 (33. Bd7 $14) 33... fxe4 34. Rxf8+ (34. Qxe4 Rbf6 35. Rxf6 Rxf6 $19) 34... Qxf8 35. Rf1 Rf6 36. Rxf6 Qxf6 {[%emt 0:00:05][%mdl 4096] Endgame KQB-KQB} 37. Kg2 {[%emt 0:00:27] Against Qf3+} Qf5 {[%emt 0:01:52] Inhibits Bd7.} 38. b4 cxb4 39. axb4 e3 40. Bc2 e4 41. b5 Kg7 42. Qf1 $1 Qe5 43. Bd1 (43. d6 $5) 43... Bb6 44. Be2 h5 45. Qf4 {[%emt 0:00:00] [#]} (45. Qe1 $15) 45... Qb2 (45... Qxf4 $1 $17 46. gxf4 Bc5) 46. Kf1 {[%emt 0:00:00] The position is equal.} Qc1+ 47. Kg2 Qd2 48. Qe5+ Kh7 49. Qe7+ Kh6 50. Qf8+ Kh7 51. Qf7+ Kh6 52. Qf8+ Kh7 {[%emt 0:00:06] Weighted Error Value: White=0.17 (very precise) /Black=0.14 (very precise)} 1/2-1/2

[Event "Frauenbundesliga 2021-22"]
[Site "Germany"]
[Date "2022.05.28"]
[Round "10.17"]
[White "Koehler, Inken"]
[Black "Giebel, Christine"]
[Result "1/2-1/2"]
[ECO "E62"]
[WhiteElo "2002"]
[BlackElo "1833"]
[Annotator "TA"]
[PlyCount "61"]
[EventDate "2021.11.26"]
[EventType "team-tourn"]
[EventCountry "GER"]
[SourceTitle "playchess.com"]
[Source "ChessBase"]
[SourceQuality "1"]
[WhiteTeam "Harksheide"]
[BlackTeam "Loeberitz"]
[TimeControl "40/5400+30:1800+30"]

1. c4 Nf6 2. Nc3 g6 3. g3 Bg7 4. Bg2 d6 5. Nf3 O-O 6. O-O c6 7. d4 Bf5 8. Re1 Ne4 9. Qb3 $1 {[%emt 0:10:59] 9.Qb3 is better than 9.Nxe4. E62: King's Indian: Fianchetto: 6...c6 and Panno Variation (6...Nc6) without ...a6.} Qb6 {[%emt 0:10:59] [#]} (9... Nxc3 $11 10. bxc3 (10. Qxb7 Qb6 $14) 10... Bc8) 10. Qxb6 ({Better is} 10. Nh4 $1 $16) 10... axb6 $11 11. Nh4 Nxc3 {[%emt 0:02:48] [#]} 12. Nxf5 $146 ({Predecessor:} 12. bxc3 Be6 13. Bg5 f6 14. Be3 Bxc4 15. a3 Nd7 16. Bf3 Ra4 17. Ng2 Rfa8 18. Bc1 {0-1 (41) Jagadeesh,B (1712)-Aubury,B (1659) Basingstoke 2019}) 12... gxf5 13. bxc3 Ra4 14. e4 fxe4 15. Rxe4 e5 16. dxe5 dxe5 17. Bf3 ({White should play} 17. c5 $14 Ra5 18. Rg4 (18. cxb6 f5 $14)) 17... Nd7 18. Bd1 {[%emt 0:00:00] This bishop pair is nice.} Ra5 19. a4 Nc5 20. Re2 Rd8 21. Be3 Rda8 22. Rb2 Nxa4 {[%emt 0:06:47] The position is equal.} 23. Bxa4 Rxa4 24. Rxa4 Rxa4 25. Rxb6 {[%emt 0:00:00][%mdl 4096] Endgame KRB-KRB} f5 26. Rb4 Rxb4 27. cxb4 Bf8 28. Bd2 Bd6 29. Kg2 Kf7 30. Kf3 h5 31. h3 {[%emt 0:00:33] Weighted Error Value: White=0.15 (very precise) /Black=0.12 (very precise)} 1/2-1/2

[Event "Frauenbundesliga 2021-22"]
[Site "Germany"]
[Date "2022.05.28"]
[Round "10.18"]
[White "Schuster, Rebekka"]
[Black "Rosmait, Emily"]
[Result "0-1"]
[ECO "C54"]
[WhiteElo "1830"]
[BlackElo "1896"]
[Annotator "NA RC COMBH"]
[PlyCount "130"]
[EventDate "2021.11.26"]
[EventType "team-tourn"]
[EventCountry "GER"]
[SourceTitle "playchess.com"]
[Source "ChessBase"]
[SourceQuality "1"]
[WhiteTeam "Loeberitz"]
[BlackTeam "Harksheide"]
[TimeControl "40/5400+30:1800+30"]

1. e4 e5 2. Nf3 Nc6 3. Bc4 Bc5 4. O-O d6 5. c3 Nf6 6. d3 h6 7. b4 Bb6 8. a4 a5 9. b5 Ne7 10. Be3 Bxe3 11. fxe3 Ng6 12. Nbd2 O-O 13. Qe1 Qe7 14. Qg3 Be6 15. Bxe6 Qxe6 16. c4 Nh5 17. Qf2 f5 18. exf5 Qxf5 19. Qe2 Nf6 20. Nd4 Qd7 21. Nf5 d5 22. cxd5 Qxd5 23. Rac1 Rf7 24. d4 exd4 25. Nxd4 Re8 26. Qf3 Qxf3 27. Rxf3 Ne5 28. Rf5 Nd3 29. Rc3 Nb4 30. e4 Rd7 31. N4f3 Nxe4 32. Nxe4 Rxe4 33. Re5 Rf4 34. Rec5 Rd1+ 35. Kf2 Nd3+ 36. Kg3 Nxc5 37. Kxf4 b6 38. Rc4 Ra1 39. Nd4 Kf7 40. Ke5 Rxa4 41. Rxa4 Nxa4 42. Ne6 Nc5 43. Nxc7 a4 44. Nd5 a3 45. Nc3 g6 46. Kd5 Kf6 47. Kc4 Ke5 48. Kb4 Kd4 49. Na2 Nd3+ 50. Kb3 h5 51. Kxa3 Kc4 52. Ka4 h4 53. g3 h3 54. Ka3 g5 55. Ka4 g4 56. Ka3 Ne5 57. Nc1 Nf3 58. Ne2 Nxh2 59. Nf4 Nf1 60. Nxh3 gxh3 61. g4 h2 62. g5 h1=Q 63. g6 Qf3+ 64. Kb2 Qb3+ 65. Kc1 Kd3 0-1

[Event "Frauenbundesliga 2021-22"]
[Site "Germany"]
[Date "2022.05.28"]
[Round "10.20"]
[White "Lubbe, Melanie"]
[Black "Voicu-Jagodzinsky, Carmen"]
[Result "1-0"]
[ECO "B29"]
[WhiteElo "2308"]
[BlackElo "2291"]
[Annotator "TA"]
[PlyCount "261"]
[EventDate "2021.11.26"]
[EventType "team-tourn"]
[EventCountry "GER"]
[SourceTitle "playchess.com"]
[Source "ChessBase"]
[SourceQuality "1"]
[WhiteTeam "Rodewisch"]
[BlackTeam "Hemer"]
[TimeControl "40/5400+30:1800+30"]

1. e4 c5 2. Nf3 Nf6 3. Nc3 d5 4. Bb5+ Bd7 5. Bxd7+ Qxd7 6. exd5 Nxd5 7. Nxd5 Qxd5 8. O-O Nc6 9. b3 O-O-O 10. Bb2 f6 11. Qe2 e5 12. d3 h5 13. Qe4 Qd7 14. Nh4 Bd6 15. Rad1 Ne7 16. Ng6 Nxg6 17. Qxg6 h4 18. Qe4 h3 19. g3 Rhe8 20. f3 Kb8 21. Rf2 Bc7 22. Re2 f5 23. Qh4 e4 24. fxe4 fxe4 25. Re3 g5 26. Qxg5 Qc6 27. Qf6 Re6 28. Qf1 exd3 29. Rxe6 (29. Rdxd3 $2 Rxe3 $19) 29... Qxe6 30. cxd3 (30. Rxd3 $11 Re8 31. Rf3) 30... Re8 $17 31. Bc3 c4 $1 32. Bd4 (32. bxc4 $17 Bb6+ 33. c5 Bxc5+ 34. d4) 32... Qg4 (32... cxb3 33. axb3 Rd8 34. Re1 Qxb3 35. Bc5 $15) (32... c3 $1 $19 33. Rc1 Qd5) 33. Bc5 (33. dxc4 $2 Rd8 34. a3 (34. Qd3 $2 Bb6 $19) 34... Rxd4 35. Qf8+ Bd8 36. Rxd4 Qxd4+ 37. Kf1 Qd3+ 38. Kf2 a5 $19) 33... c3 (33... b6 34. Bf2 $17) 34. Rc1 $2 (34. Re1 $17 {was forced.} Rxe1 35. Qxe1) 34... Be5 $19 35. Qf2 b6 $2 (35... Ka8 $19 36. Qf1 (36. Bxa7 $2 Bd6 $19) 36... Bd4+ 37. Bxd4 Qxd4+ 38. Kh1 Qd5+ 39. Kg1 Qd4+ 40. Kh1 Qd5+ 41. Kg1 a6) 36. Be3 $2 (36. Bxb6 $1 $15 axb6 37. Qxb6+ Kc8 38. Qc5+ Bc7 39. Qxc3) 36... Qd7 $2 (36... Qh5 $1 $19 {And now ...Bg7 would win.} 37. Bxb6 axb6 38. Qxb6+ Kc8 39. Qc5+ Kb8 40. Qb6+ Kc8 41. Qc5+ Kb8 42. Qb6+) 37. d4 $11 Bc7 (37... Bd6 $11) 38. Rxc3 Qd5 39. Rc2 ({White should play} 39. Bd2 $1 $16) 39... Bd6 (39... Kb7 $1 $11 {keeps the balance.}) 40. Bf4 $16 Rf8 $2 (40... Bxf4 $1 $14 41. Qxf4+ Ka8) 41. Bxd6+ $18 Qxd6 42. Qe3 Qg6 43. Rc1 Re8 44. Qf4+ Ka8 45. Qf3+ Kb8 46. d5 a5 $2 (46... Qh6 47. Qc3 Kb7) 47. Qf4+ $18 Ka8 48. Qc4 Ka7 49. Qc7+ Ka6 50. Qc6 $2 ({Only move:} 50. d6 $1 $18 {[%cal Rd6d7] Intending d7 and mate.} Qe6 51. Qc4+ Kb7 52. Qxe6 Rxe6 53. Rc7+ Kb8 54. Rc6) 50... Qg5 $2 (50... Qe4 $11 {and Black stays safe.} 51. Qc4+ Qxc4 52. Rxc4 (52. bxc4 Re2 $14) 52... Re1+ 53. Kf2 Rh1) 51. Qxe8 $18 Qxc1+ 52. Kf2 Qc5+ 53. Ke2 $2 (53. Kf3 $18) 53... Qxd5 54. Qc8+ Ka7 55. Qc7+ Ka8 $1 56. Qxb6 Qe4+ (56... Qh5+ $1 $11 57. Ke1 Qe5+ 58. Kf1 Qd5) 57. Qe3 $14 Qc2+ 58. Qd2 Qe4+ 59. Kf2 Qf5+ 60. Ke1 (60. Ke3 $16 {Strongly threatening Qd4.} Qg5+ 61. Kd3 Qd5+ 62. Kc3 Qc6+ 63. Kd3 Qg6+ 64. Kc4) 60... Qb1+ $11 61. Kf2 (61. Qd1 $11 Qxa2 62. Qd2 Qb1+ 63. Qd1 Qe4+ 64. Kd2) 61... Qf5+ $14 62. Ke3 Qg5+ 63. Kd3 Qd5+ 64. Kc3 Qc6+ 65. Kd3 Qd5+ $1 66. Kc2 $1 Qe4+ 67. Kc1 Qh1+ 68. Kb2 $1 Qg2 69. Qc2 $1 Ka7 70. a3 Kb6 71. Kc3 (71. a4 $1 $16) 71... Qc6+ $14 72. Kd2 Qd6+ (72... Qg2+ $1 $14 73. Kd3 Kb7) 73. Qd3 (73. Ke2 $16) 73... Qxa3 $11 74. Ke3 Qc1+ 75. Qd2 Qg1+ (75... Qb1 $1 $11) 76. Qf2 ({White should try} 76. Kf3 $1 $14 Qh1+ 77. Kg4) 76... Qc1+ $2 (76... Qd1 $11) 77. Kf3+ $2 (77. Kd3+ $1 $18 {is the precise move to win.} Kc6 78. Qf6+ Kb7 79. Qf7+ Kb6 80. Qe6+ Kb7 81. Qe4+ Kb8 82. Qf4+ Qxf4 83. gxf4) 77... Kb5 $16 78. Kg4 (78. g4 $1 $16) 78... Qh6 $2 (78... Qc3 $1 $11) 79. Qf4 $2 ({Better is} 79. Qe2+ $16 Kb6 80. Qf2+ Ka6 81. Qe2+ Kb6 82. Qe8) 79... Qg6+ $1 $11 80. Kxh3 Qe6+ 81. Kh4 Qxb3 82. Qb8+ Kc4 83. Qc7+ Kb5 84. Qb7+ Ka4 85. Qxb3+ Kxb3 86. g4 a4 87. g5 a3 88. g6 a2 89. g7 a1=Q 90. g8=Q+ Kc2 91. Qc4+ (91. Qg2+ Kd3 $16) 91... Kd2 92. Qf4+ Kd3 93. Kg4 Qg7+ 94. Kf3 Qb7+ 95. Kg3 Qg7+ $1 96. Qg4 Qe5+ 97. Kh3 Kc2 98. Kg2 Qd5+ (98... Kd3 $1 $11) 99. Kf2 (99. Qf3 $16 Qd4 100. h3) 99... Qc5+ 100. Kf1 Qf8+ (100... Kd3 $11 {remains equal.}) 101. Ke1 (101. Kg2 $16 {White threatens Qe2+ and mate.} Qa8+ 102. Qf3 Qg8+ 103. Kf2) 101... Kb3 102. h4 Qe7+ $2 (102... Kc3 $1 $11) 103. Kf2 $18 Qc5+ 104. Kf3 Qc3+ 105. Kf2 Qc5+ 106. Kg2 Qc2+ 107. Kh3 Qc1 108. Qf3+ Kb4 109. h5 $1 Kc5 110. Kg4 Qg1+ 111. Kf5 Kd6 $2 {[%emt 0:00:34] [#]} (111... Qb1+ 112. Qe4 Qf1+ 113. Kg6 Qg1+ 114. Kf7 Qf1+ 115. Ke7 Qg1 116. Qe5+ Kb4 117. Qf4+ Kb3) 112. Kf6 $2 (112. h6 $1 $18 ) 112... Qa1+ $11 113. Kg6 Qb1+ 114. Kg7 Qg1+ 115. Kf7 Qa7+ $1 116. Kg8 Qg1+ 117. Kf8 Qg5 118. Qd3+ Ke5 119. Qg6 Qd8+ 120. Kg7 Qd7+ {[%emt 0:00:43] [#]} 121. Kh8 $2 ({White must play} 121. Qf7 $1 $18 Qg4+ 122. Kh7) 121... Qd8+ $11 122. Kh7 Kd4 $2 (122... Kf4 $11 {and Black has nothing to worry.}) 123. h6 Kc5 124. Qf5+ Kb4 125. Kg7 Qd4+ 126. Kg8 Qc4+ 127. Kg7 $2 (127. Kf8 $18 {Black must now prevent h7.} Ka3 128. h7 Qb4+ 129. Kg7 Qc3+ 130. Qf6 Qg3+ 131. Kf7 Qb3+ 132. Kg7 Qb7+ 133. Qf7 Qg2+ 134. Qg6 Qb7+ 135. Kh8 (135. Qf7 Qg2+ 136. Kf8 Qa8+ 137. Ke7 Qb7+ 138. Kf6 Qf3+ 139. Kg7 Qg3+ 140. Qg6 Qc7+ 141. Kh6 Qf4+ 142. Qg5 Qf8+ 143. Kg6 Qe8+ 144. Kf6 Qd8+ 145. Kf5 Qd3+ 146. Kg4 Qe4+ 147. Kg3 Qxh7 $11) 135... Qc8+ 136. Qg8 (136. Kg7 Qb7+ 137. Kh6 Qh1+ 138. Kg5 Qg2+ 139. Kf6 Qc6+ 140. Kg7 Qb7+ $11) 136... Qc3+ 137. Qg7 Qc8+ 138. Qg8 Qc3+ 139. Qg7 Qc8+ 140. Qg8) 127... Qc3+ $2 (127... Qd4+ $11 128. Kf7 Qa7+ 129. Kg6 Qg1+ 130. Kf7 Qa7+ 131. Kg8 Qa2+ 132. Kg7 Qa7+ 133. Kg8 Qa2+ 134. Kg7 Qa7+ 135. Kg8) 128. Qf6 Qg3+ 129. Kf8 Qb8+ 130. Kf7 Ka3 $2 (130... Kb3 $18 131. Qe6+ Kb2) 131. Qa1+ ({Stronger than} 131. h7 Qb3+ 132. Qe6 Qf3+ 133. Qf6 (133. Kg7 Qg3+ 134. Kh6 Qh4+ 135. Kg7 Qg3+ 136. Qg6 Qc3+ 137. Kh6 Qe3+ 138. Qg5 Qh3+ 139. Kg7 Qd7+ 140. Kh8 Qe8+ 141. Kg7 Qd7+ 142. Kh6 Qh3+ 143. Qh5 Qe3+ 144. Kg6 Qe8+ 145. Kh6 Qe3+ 146. Kg7 Qd4+ 147. Kf7 Qd7+ 148. Kg6 Qe8+ 149. Kh6 Qe3+ $11) 133... Qb3+ 134. Qe6 Qf3+ 135. Kg8 (135. Kg7 Qg3+ 136. Kf8 Qf4+ 137. Qf7 Qb8+ 138. Kg7 Qg3+ 139. Kh6 Qe3+ 140. Kg6 Qg3+ 141. Kf6 Qc3+ 142. Kg5 Qg3+ 143. Kh6 Qh3+ 144. Qh5 Qe3+ 145. Qg5 Qh3+ 146. Qh5 Qe3+ 147. Qg5 Qh3+ 148. Qh5 $11) 135... Qg3+ 136. Kf7 Qf4+ 137. Qf6 Qc4+ 138. Kg7 Qg4+ 139. Qg6 Qd4+ 140. Qf6 Qg4+ 141. Kh6 (141. Qg6 Qd4+ 142. Qf6 Qg4+ $11) 141... Qh3+ 142. Kg5 Qxh7 $11) 1-0

[Event "Frauenbundesliga 2021-22"]
[Site "Germany"]
[Date "2022.05.28"]
[Round "10.21"]
[White "Schulze, Lara"]
[Black "Movsesian, Julia"]
[Result "1/2-1/2"]
[ECO "C45"]
[WhiteElo "2303"]
[BlackElo "2313"]
[Annotator "TA"]
[PlyCount "77"]
[EventDate "2021.11.26"]
[EventType "team-tourn"]
[EventCountry "GER"]
[SourceTitle "playchess.com"]
[Source "ChessBase"]
[SourceQuality "1"]
[WhiteTeam "Hemer"]
[BlackTeam "Rodewisch"]
[TimeControl "40/5400+30:1800+30"]

1. e4 e5 2. Nf3 Nc6 3. d4 exd4 4. Nxd4 Bc5 5. Be3 Qf6 6. c3 Nge7 7. Bb5 Bb6 {[%emt 0:02:45] C45: Scotch Game.} 8. O-O O-O 9. Re1 d5 10. Nxc6 bxc6 11. Bf1 {[%emt 0:00:08] [#]} Rb8 $146 ({Predecessor:} 11... dxe4 12. Nd2 Bf5 13. Nxe4 Bxe4 14. Bxb6 cxb6 15. Rxe4 Rfd8 16. Qe2 Ng6 17. g3 Rd6 {½-½ (44) Schulze,L (2269)-Klek,H (2265) Magdeburg 2021}) 12. Nd2 Bxe3 13. Rxe3 Rxb2 14. Qc1 Rb8 15. Qa3 a6 16. e5 Qe6 $36 {[%emt 0:00:32][%mdl 2048] Black is pushing.} 17. Bd3 Nf5 18. Bxf5 Qxf5 19. Nb3 Re8 20. Rae1 Rb6 21. h3 Qg5 22. Qc5 h5 23. Qd4 Qe7 24. Nc5 Rb5 (24... Be6 $17) 25. Nd3 (25. e6 {seems wilder.} Bxe6 26. Rg3 Qf8 27. Nxa6 Bd7 28. Rxe8 Bxe8 29. Qe5) 25... Bf5 26. Nf4 {[%emt 0:02:27] The position is equal.} Qc5 27. Qd2 h4 28. e6 (28. Qe2 {is more complex.} Qc4 29. Qf3 Be6 30. Nxe6 fxe6 31. Qh5) 28... Bxe6 29. Nxe6 fxe6 30. Rxe6 Rxe6 31. Rxe6 $11 {[%emt 0:00:06][%mdl 4096] Endgame KQR-KQR} Rb1+ 32. Kh2 Rb8 33. Qe2 Qxc3 34. Re8+ Rxe8 35. Qxe8+ Kh7 {[%emt 0:00:03] [#] White must now prevent ...Kh6.} 36. Qh5+ Kg8 37. Qe8+ Kh7 {[%emt 0:00:01] Threatens to win with ...Kh6.} 38. Qh5+ Kg8 {[%emt 0:00:00] Hoping for ...Qe1.} 39. Qe8+ {[%emt 0:00:15] Weighted Error Value: White=0.05 (flawless) /Black=0.09 (flawless)} 1/2-1/2

[Event "Frauenbundesliga 2021-22"]
[Site "Germany"]
[Date "2022.05.28"]
[Round "10.22"]
[White "Theissl Pokorna, Regina"]
[Black "Ciolacu, Alessia-Mihaela"]
[Result "1/2-1/2"]
[ECO "C54"]
[WhiteElo "2302"]
[BlackElo "2198"]
[Annotator "TA"]
[PlyCount "76"]
[EventDate "2021.11.26"]
[EventType "team-tourn"]
[EventCountry "GER"]
[SourceTitle "playchess.com"]
[Source "ChessBase"]
[SourceQuality "1"]
[WhiteTeam "Rodewisch"]
[BlackTeam "Hemer"]
[TimeControl "40/5400+30:1800+30"]

1. e4 e5 2. Nf3 Nc6 3. Bc4 Nf6 4. d3 Bc5 5. c3 a6 6. Bb3 d6 7. Nbd2 O-O 8. O-O h6 9. h3 Re8 10. Re1 Be6 11. Nf1 $1 {[%emt 0:12:33] 11.Nf1 scores better than 11.Bc2.} Ba7 12. Ng3 d5 {[%emt 0:02:29] C54: Giuoco Piano: 4 c3 Nf6, main lines with 5 d4 and 5 d3.} 13. Qe2 b5 14. Bd2 (14. exd5 {keeps more tension.} Bxd5 15. Nh4 a5 16. Bxd5 Qxd5 17. Nhf5) 14... d4 {[%emt 0:12:39] [#]} (14... Rb8 $11) 15. Rad1 $146 ({Predecessor:} 15. Red1 Qd7 16. Bxe6 fxe6 17. Rac1 Rab8 18. b4 dxc3 19. Bxc3 Bd4 20. a3 Re7 21. Rc2 Bxc3 22. Rxc3 {1-0 (62) Andriasian,Z (2523)-Safarli,E (2463) Kirishi 2007}) 15... Bb6 16. Kh2 (16. Bxe6 $14 Rxe6 17. Nf5) 16... Qd7 17. Nh4 (17. Bxe6 $142 Qxe6 18. cxd4 Bxd4 19. b3) 17... Rad8 $11 {[%emt 0:02:05] And now ...Bxb3 would win.} 18. Bc2 Ne7 19. a3 c5 20. cxd4 (20. Kg1 {is interesting.} Kh7 21. Qf3 Ba5 22. b4) 20... Qxd4 21. Bc3 Qd6 22. Qf3 Nh7 (22... Qc7 {seems wilder.} 23. Bd2 Kh7 24. Nhf5 Nfg8) 23. Nhf5 Nxf5 24. exf5 Bd5 25. Ne4 Qc6 26. Qg3 {[%emt 0:04:15] [#]} (26. Qe2 $11) 26... Bc7 (26... b4 $1 $17 27. Bd2 (27. axb4 cxb4 28. Bd2 Bxe4 $17) (27. Bxe5 $2 Rxe5 28. Ba4 Qc7 $19) 27... b3) 27. Bd2 Kh8 28. Qh4 f6 29. Be3 Bb6 30. Qg4 Re7 31. Bb1 Red7 32. Nxc5 Bxc5 33. Rc1 Bc4 34. dxc4 $16 Bxe3 35. Rxe3 (35. fxe3 $142 {Strongly threatening Be4.} bxc4 36. Rxc4 (36. Qxc4 Qb7 $16)) 35... Rd4 36. Re4 (36. Qf3 $14 Qc7 37. Rec3 bxc4 38. Ba2) 36... bxc4 $1 $11 {[%emt 0:00:20] The position is equal.} 37. Qe2 {[%emt 0:00:24] Rxd4 is the strong threat.} Rc8 38. Re3 Ng5 {[%emt 0:00:58] Weighted Error Value: White=0.23 (precise) /Black=0.23 (precise)} 1/2-1/2